 Dungeon Crawl Stone Soup version 0.31-a0-344-gd109795 (webtiles) character file.

Game seed: 9450677536123941982

359 Cunctator the Cutter (level 6, 0/53 HPs)
             Began as a Gnoll Cinder Acolyte on July 22, 2023.
             Was a Believer of Lugonu.
             Slain by a gnoll
             ... wielding a +0 halberd
             ... led by a gnoll bouda
              (9 damage)
             ... on level 3 of the Dungeon.
             The game lasted 00:10:04 (3674 turns).

Cunctator the Cutter (Gnoll Cinder Acolyte)         Turns: 3674, Time: 00:10:05

Health: 0/53       AC:  3    Str: 14    XL:     6   Next: 65%
Magic:  0/11       EV: 11    Int: 15    God:    Lugonu [**....]
Gold:   153        SH:  0    Dex:  7    Spells: 8/12 levels left

rFire   . . .        j - staff of fire
rCold   . . .        (no shield)
rNeg    . . .        b - +0 robe
rPois   .            p - +0 helmet
rElec   .            (no cloak)
rCorr   .            (no gloves)
SInv    .            (no boots)
Will    .....        (no amulet)
Stlth   ++           (no ring)
HPRegen 0.28/turn    (no ring)
MPRegen 0.12/turn

%: no passive effects
@: fire susceptible
A: fangs 1, strong nose, distributed training
a: Renounce Religion, Depart the Abyss, Banish


You were on level 3 of the Dungeon.
You worshipped Lugonu.
Lugonu was pleased with you.
You visited 1 branch of the dungeon, and saw 4 of its levels.

You collected 153 gold pieces.

Inventory:

Hand Weapons
 a - a -1 short sword of flaming
 f - a +0 sling
Missiles
 k - 3 poisoned darts
 n - 20 stones (quivered)
Armour
 b - a +0 robe (worn)
 p - a +0 helmet (worn)
Magical Staves
 j - a staff of fire (weapon)
Jewellery
 w - a ring of ice
Scrolls
 d - 5 scrolls of identify {unknown}
 g - 2 scrolls of amnesia {unknown}
 r - a scroll of poison {unknown}
 s - 3 scrolls of noise {unknown}
 t - a scroll of fear {unknown}
 v - a scroll of teleportation {unknown}
Potions
 c - 2 potions of degeneration {unknown}
 e - 2 potions of curing {unknown}
 h - a potion of haste {unknown}
 i - a potion of invisibility {unknown}
 l - a potion of brilliance {unknown}
 m - a potion of attraction {unknown}
 o - a potion of resistance {unknown}
 q - a potion of lignification {unknown}
 u - a potion of heal wounds {unknown}


   Skills:
 + Level 6.9 Fighting
 + Level 6.9 Short Blades
 + Level 2.1 Long Blades
 + Level 2.1 Axes
 + Level 2.1 Maces & Flails
 + Level 2.1 Polearms
 + Level 2.1 Staves
 + Level 2.1 Ranged Weapons
 + Level 2.1 Throwing
 + Level 2.1 Armour
 + Level 2.1 Dodging
 + Level 2.1 Stealth
 + Level 2.1 Shields
 + Level 2.1 Unarmed Combat
 + Level 3.5 Spellcasting
 + Level 1.6 Conjurations
 + Level 1.6 Hexes
 + Level 1.6 Summonings
 + Level 1.6 Necromancy
 + Level 1.6 Translocations
 + Level 1.6 Transmutations
 + Level 5.7 Fire Magic
 + Level 1.6 Ice Magic
 + Level 1.6 Air Magic
 + Level 1.6 Earth Magic
 + Level 1.6 Poison Magic
 + Level 2.3 Invocations
 + Level 2.1 Evocations
 + Level 1.6 Shapeshifting


You had 8 spell levels left.
You knew the following spells:

 Your Spells              Type           Power      Damage    Failure   Level
a - Scorch                Fire           58%        2d7       2%          2
b - Passwall              Tmut/Erth      5%         N/A       14%         2

Your spell library contained the following spells:

 Spells                   Type           Power      Damage    Failure   Level
 Sandblast                Erth           14%        2d6       10%         1
 Summon Small Mammal      Summ           28%        N/A       10%         1
 Call Canine Familiar     Summ           7%         N/A       28%         3
 Stone Arrow              Conj/Erth      14%        3d7       28%         3
 Summon Guardian Golem    Hex/Summ       7%         N/A       28%         3
 Orb of Destruction       Conj           3%         9d5       100%        7
 Spellforged Servitor     Conj/Summ      3%         N/A       100%        7


Dungeon Overview and Level Annotations

Branches:
Dungeon (4/15)             Temple (0/1) D:4

Altars:
Lugonu


Innate Abilities, Weirdness & Mutations

You have very sharp teeth.
Your uncanny sense of smell can sniff out nearby items.
Your experience applies equally to all skills.


Message History

You feel a surge of power!
Flames lash the gnoll.
The gnoll is burned terribly!
The gnoll is severely wounded.
The gnoll is no longer moving quickly.
The gnoll hits you from afar with a +0 spear!
Casting: Scorch (safe; 2% risk of failure)
Confirm with . or Enter, or press ? or * to list all spells.
You feel a surge of power!
Flames lash the gnoll.
The gnoll is burned terribly!
You kill the gnoll!
Lugonu accepts your kill.
Casting: Scorch (safe; 2% risk of failure)
Confirm with . or Enter, or press ? or * to list all spells.
You feel a surge of power!
Flames lash the gnoll.
The gnoll is lightly wounded.
The gnoll's fire resistance burns away.
The gnoll closely misses you.
Casting: Scorch (safe; 2% risk of failure)
Confirm with . or Enter, or press ? or * to list all spells.
You feel a surge of power!
You miscast Scorch.
You are very lightly contaminated with residual magic.
Nothing appears to happen.
The gnoll barely misses you.
The gnoll is no longer more vulnerable to fire.
The gnoll barely misses you.
There is a stone staircase leading up, spattered with blood here.
The gnoll hits you from afar with a +0 halberd!
The gnoll hits you with a +0 halberd!
You climb upwards.
There is a stone staircase leading down here.
You hit the gnoll.
The gnoll is lightly wounded.
The gnoll hits you with a +0 halberd!
You hit the gnoll but do no damage.
The gnoll is lightly wounded.
The gnoll hits you with a +0 halberd!
* * * LOW HITPOINT WARNING * * *
Your magical contamination has completely faded away.
Casting: Scorch (safe; 2% risk of failure)
Confirm with . or Enter, or press ? or * to list all spells.
You feel a surge of power!
Flames lash the gnoll.
The gnoll is severely wounded.
The gnoll's fire resistance burns away.
The gnoll hits you with a +0 halberd!
You die...

.#.#.###### #..#
#......†. #...## #..#
#.####### ##.## #..#
#.# ##.# #..# #.#
...# #..# #.# ####
#.## #.# ###.# ##.##
#g..# ##.#.### #@#.#
#.###..# #.#.#
##.#.#.# #.#.#
##.##.# ### ##.#.#
####.#
..#############....#
#.#
#...............#..##
#.#
#..##########...#...#
#.# #..# #.#####.#
###.# #..######
#...#...# ##.#.####


You could see a gnoll (combustible).

Vanquished Creatures
  Grinder (D:4)
  Jessica (D:2)
  2 gnolls
  4 adders (D:2)
  3 worms
  2 dart slugs (D:2)
  2 orcs (D:4)
  9 ball pythons
  6 bats
  5 endoplasms
  A giant cockroach (D:3)
  7 goblins
  5 hobgoblins
  2 quokkas (D:2)
  2 frilled lizards
  7 kobolds
  11 rats
70 creatures vanquished.

Notes
Turn   | Place    | Note
-------+----------+-------------------------------------------
     0 | D:1      | Cunctator the Gnoll Cinder Acolyte began the quest for the
                  | Orb.
     0 | D:1      | Reached XP level 1. HP: 23/23 MP: 4/4
   414 | D:1      | Reached XP level 2. HP: 18/29 MP: 5/5
   755 | D:1      | Reached XP level 3. HP: 17/35 MP: 7/7
  1284 | D:2      | Noticed Jessica
  1285 | D:2      | Killed Jessica
  1286 | D:2      | Reached skill level 1 in Long Blades
  1286 | D:2      | Reached skill level 1 in Axes
  1286 | D:2      | Reached skill level 1 in Maces & Flails
  1286 | D:2      | Reached skill level 1 in Polearms
  1286 | D:2      | Reached skill level 1 in Staves
  1286 | D:2      | Reached skill level 1 in Ranged Weapons
  1286 | D:2      | Reached skill level 1 in Throwing
  1286 | D:2      | Reached skill level 1 in Armour
  1286 | D:2      | Reached skill level 1 in Dodging
  1286 | D:2      | Reached skill level 1 in Stealth
  1286 | D:2      | Reached skill level 1 in Shields
  1286 | D:2      | Reached skill level 1 in Unarmed Combat
  1286 | D:2      | Reached skill level 1 in Invocations
  1286 | D:2      | Reached skill level 1 in Evocations
  1294 | D:2      | Reached XP level 4. HP: 41/41 MP: 8/8
  1300 | D:2      | Learned a level 2 spell: Scorch
  1655 | D:2      | Reached skill level 1 in Conjurations
  1655 | D:2      | Reached skill level 1 in Hexes
  1655 | D:2      | Reached skill level 1 in Summonings
  1655 | D:2      | Reached skill level 1 in Necromancy
  1655 | D:2      | Reached skill level 1 in Translocations
  1655 | D:2      | Reached skill level 1 in Transmutations
  1655 | D:2      | Reached skill level 1 in Ice Magic
  1655 | D:2      | Reached skill level 1 in Air Magic
  1655 | D:2      | Reached skill level 1 in Earth Magic
  1655 | D:2      | Reached skill level 1 in Poison Magic
  1655 | D:2      | Reached skill level 1 in Shapeshifting
  1978 | D:2      | Learned a level 2 spell: Passwall
  2023 | D:2      | Found a faded altar of an unknown god.
  2044 | D:2      | Prayed at the altar of an unknown god.
  2044 | D:2      | Fell from the grace of Ignis
  2044 | D:2      | Became a worshipper of Lugonu the Unformed
  2044 | D:2      | Reached * piety under Lugonu
  2155 | D:2      | Banished a fire elemental
  2155 | D:2      | Banished a fire elemental
  2266 | D:2      | Reached XP level 5. HP: 40/47 MP: 0/9
  3232 | D:3      | Banished a fire elemental
  3232 | D:3      | Banished a fire elemental
  3232 | D:3      | Banished a fire elemental
  3356 | D:3      | Banished a fire elemental
  3356 | D:3      | Banished a fire elemental
  3356 | D:3      | Banished a fire elemental
  3519 | D:4      | Noticed Grinder
  3530 | D:4      | Paralysed by Grinder for 3 turns
  3533 | D:4      | Killed Grinder
  3533 | D:4      | Reached ** piety under Lugonu
  3534 | D:4      | Reached XP level 6. HP: 36/53 MP: 4/11
  3638 | D:4      | Found a staircase to the Ecumenical Temple.
  3674 | D:3      | Slain by a gnoll

Illustrated notes

Levels and vault maps discovered:
D:1:      shiori_shiawase, layout_basic, serial_rivers,
          chequers_serial_rivers_large_a, chequers_serial_rivers_small_3,
          chequers_serial_rivers_room_b, chequers_serial_rivers_micro_b,
          minmay_quantized
D:2:      minmay_razor_zed, layout_rooms,
          shapermc_ecumenical_altar_mp_ritualfount, uniq_jessica
D:3:      layout_loops_ring, st_stairs_13
D:4:      layout_loops_ring, minmay_temple_entry_statues_pillars, uniq_grinder,
          uniq_menkaure

Skill      XL: |  1  2  3  4  5 |
---------------+----------------+-----
Long Blades    | 1 2 |  2.1
Axes           | 1 2 |  2.1
Maces & Flails | 1 2 |  2.1
Polearms       | 1 2 |  2.1
Staves         | 1 2 |  2.1
Ranged Weapons | 1 2 |  2.1
Throwing       | 1 2 |  2.1
Armour         | 1 2 |  2.1
Dodging        | 1 2 |  2.1
Stealth        | 1 2 |  2.1
Shields        | 1 2 |  2.1
Unarmed Combat | 1 2 |  2.1
Invocations    | 1 2 |  2.3
Evocations     | 1 2 |  2.1
Spellcasting   | 3 |  3.5
Conjurations   | 1 |  1.6
Hexes          | 1 |  1.6
Summonings     | 1 |  1.6
Necromancy     | 1 |  1.6
Translocations | 1 |  1.6
Transmutations | 1 |  1.6
Ice Magic      | 1 |  1.6
Air Magic      | 1 |  1.6
Earth Magic    | 1 |  1.6
Poison Magic   | 1 |  1.6
Shapeshifting  | 1 |  1.6
Fighting       | |  6.9
Short Blades   | |  6.9
Fire Magic     | |  5.7

Action                     |  1- 3 |  4- 6 || total
---------------------------+-------+-------++-------
  Melee: Short sword       |   116 |    10 ||   126
         Bite              |     9 |    10 ||    19
         Punch             |     2 |     1 ||     3
         Staff             |       |   105 ||   105
   Cast: Scorch            |       |    40 ||    40
 Invoke: Fiery Armour      |     1 |       ||     1
   Stab: Sleeping          |     1 |     1 ||     2
 Armour: Robe              |    11 |    30 ||    41
  Dodge: Dodged            |    61 |    78 ||   139

Table legend: (Time is in decaauts)
 A = Elapsed time spent in this place.
 B = Non-inter-level travel time spent in this place.
 C = Inter-level travel time spent in this place.
 D = Time resting spent in this place.
 E = Time spent auto-exploring this place.
 F = Levels seen in this place.
 G = Mean time per level.
                   A        B        C        D        E       F      G
               +--------+--------+--------+--------+--------+-----+--------+
         Total |   3661 |   3523 |    138 |    128 |   2807 |   4 |  915.2 |
       Dungeon |   3661 |   3523 |    138 |    128 |   2807 |   4 |  915.2 |
               +--------+--------+--------+--------+--------+-----+--------+

Top non-repeatable levels by time:
     D:1: 1262 daAuts
     D:2: 1215 daAuts
     D:3: 922 daAuts
     D:4: 260 daAuts
